SA
LOUISIANA DRAGOONS @ GRIM REAPERS
09/09/2026
 
TOP OF THE 1ST
Louisiana Dragoons batting - Pitching for Grim Reapers : RHP Quinton Richards
Pitching: RHP Quinton Richards
Batting: RHB Kevin Johnson 0-0: Called Strike
0-1: Ball
1-1: Ground out 6-3 (Groundball, 6)
Batting: RHB Jeremy Boyter 0-0: Ball
1-0: Called Strike
1-1: Called Strike
1-2: Foul Ball, location: 2F
1-2: Foul Ball, location: 2F
1-2: Fly out, F5 (Line Drive, 5)
Batting: LHB Guillermo Arellano 0-0: Called Strike
0-1: Ball
1-1: Foul Ball, location: 2F
1-2: Ground out 3-1 (Groundball, 34S)
Top of the 1st over - 0 run(s), 0 hit(s), 0 error(s), 0 left on base; Louisiana 0 - Grim 0
BOTTOM OF THE 1ST
Grim Reapers batting - Pitching for Louisiana Dragoons : RHP António Andrade
Pitching: RHP António Andrade
Batting: SHB Javier Vázquez 0-0: Swinging Strike
0-1: Ball
1-1: Ball
2-1: SINGLE (Groundball, 6MD)
Batting: RHB Tomás Costello 0-0: Fly out, F9 (Flyball, 9S)
Batting: SHB Marcos Roa 0-0: Ball
1-0: Ball
2-0: Foul Ball, location: 2F
2-1: Fly out, F8 (Flyball, 8RM)
Batting: RHB Dave Sienna 0-0: Foul Ball, location: 2F
0-1: Foul Ball, location: 2F
0-2: SINGLE (Line Drive, 6MD)
Javier Vázquez to second
Runner from 2nd tries for 3rd, SAFE, throw made to third
Dave Sienna to second
Batting: LHB Dante Aristizabal 0-0: SINGLE (Groundball, 34D)
Javier Vázquez scores
Dave Sienna to third
Runner from 3rd tries for Home, SAFE, no throw
Batting: RHB Raúl Moreno 0-0: Ball
1-0: Ball
2-0: Foul Ball, location: 2F
2-1: Ball
3-1: Called Strike
3-2: Foul Ball, location: 2F
3-2: Foul Ball, location: 2F
3-2: Foul Ball, location: 2F
3-2: Strikes out swinging
Bottom of the 1st over - 2 run(s), 3 hit(s), 0 error(s), 1 left on base; Louisiana 0 - Grim 2
TOP OF THE 2ND
Louisiana Dragoons batting - Pitching for Grim Reapers : RHP Quinton Richards
Batting: RHB Scott Robertson 0-0: Ball
1-0: Called Strike
1-1: Ball
2-1: Swinging Strike
2-2: Strikes out looking
Batting: SHB Eduardo Pampin 0-0: Called Strike
0-1: Ball
1-1: SOLO HOME RUN (Flyball, 7LD), Distance : 361 ft
Batting: RHB Giuseppe Provolone 0-0: Ground out 5-3 (Groundball, 56S)
Batting: RHB Harry Gibson 0-0: Called Strike
0-1: Foul Ball, location: 2F
0-2: Ball
1-2: Ball
2-2: Ground out 5-3 (Groundball, 56)
Top of the 2nd over - 1 run(s), 1 hit(s), 0 error(s), 0 left on base; Louisiana 1 - Grim 2
BOTTOM OF THE 2ND
Grim Reapers batting - Pitching for Louisiana Dragoons : RHP António Andrade
Batting: LHB Steve Costillo 0-0: Called Strike
0-1: Ball
1-1: Ground out U3 (Groundball, 34)
Batting: RHB Tomás Duarte 0-0: Ground out 5-3 (Groundball, 56)
Batting: RHB Mason Congdon 0-0: Called Strike
0-1: Foul Ball, location: 2F
0-2: Ball
1-2: Strikes out swinging
Bottom of the 2nd over - 0 run(s), 0 hit(s), 0 error(s), 0 left on base; Louisiana 1 - Grim 2
TOP OF THE 3RD
Louisiana Dragoons batting - Pitching for Grim Reapers : RHP Quinton Richards
Batting: RHB José Luque 0-0: Called Strike
0-1: Called Strike
0-2: Strikes out swinging
Batting: RHB Jade Helm 0-0: Ball
1-0: Ball
2-0: SINGLE (Groundball, 34D)
Batting: RHB Kevin Johnson 0-0: Ground out 3-1 (Groundball, 34S)
Jade Helm to second
Batting: RHB Jeremy Boyter 0-0: Ground out 4-3 (Groundball, 4)
Top of the 3rd over - 0 run(s), 1 hit(s), 0 error(s), 1 left on base; Louisiana 1 - Grim 2
BOTTOM OF THE 3RD
Grim Reapers batting - Pitching for Louisiana Dragoons : RHP António Andrade
Batting: SHB Javier Vázquez 0-0: Ball
1-0: Foul Ball, location: 2F
1-1: Ground out 1-3 (Groundball, P)
Batting: RHB Tomás Costello 0-0: Called Strike
0-1: Ball
1-1: Foul Ball, location: 2F
1-2: Fly out, F1 (Line Drive, 13S)
Batting: SHB Marcos Roa 0-0: Ball
1-0: Ball
2-0: SINGLE (Line Drive, 78S)
Batting: RHB Dave Sienna 0-0: Ball
1-0: Ball
2-0: 2-RUN HOME RUN (Flyball, 7D), Distance : 395 ft
Batting: LHB Dante Aristizabal 0-0: Ball
1-0: Called Strike
1-1: Fly out, F8 (Flyball, 8RM)
Bottom of the 3rd over - 2 run(s), 2 hit(s), 0 error(s), 0 left on base; Louisiana 1 - Grim 4
TOP OF THE 4TH
Louisiana Dragoons batting - Pitching for Grim Reapers : RHP Quinton Richards
Batting: LHB Guillermo Arellano 0-0: Ball
1-0: Fly out, F8 (Flyball, 8LM)
Batting: RHB Scott Robertson 0-0: Called Strike
0-1: Ball
1-1: SINGLE (Line Drive, 9LS)
Batting: SHB Eduardo Pampin 0-0: Called Strike
0-1: Ball
1-1: Ball
2-1: Ball
Wild Pitch!
Scott Robertson to second
3-1: Base on Balls
Batting: RHB Giuseppe Provolone 0-0: Called Strike
0-1: Foul Ball, location: 2F
0-2: Strikes out swinging
Batting: RHB Harry Gibson 0-0: Called Strike
0-1: Ball
1-1: Ball
2-1: Swinging Strike
2-2: Strikes out looking
Top of the 4th over - 0 run(s), 1 hit(s), 0 error(s), 2 left on base; Louisiana 1 - Grim 4
BOTTOM OF THE 4TH
Grim Reapers batting - Pitching for Louisiana Dragoons : RHP António Andrade
Batting: RHB Raúl Moreno 0-0: Called Strike
0-1: Ball
1-1: Fly out, F6 (Popup, 6MD)
Batting: LHB Steve Costillo 0-0: Ball
1-0: Ground out 4-3 (Groundball, 4MS)
Batting: RHB Tomás Duarte 0-0: Foul Ball, location: 2F
0-1: Ball
1-1: Ball
2-1: Ground out 6-3 (Groundball, 56)
Bottom of the 4th over - 0 run(s), 0 hit(s), 0 error(s), 0 left on base; Louisiana 1 - Grim 4
TOP OF THE 5TH
Louisiana Dragoons batting - Pitching for Grim Reapers : RHP Quinton Richards
Batting: RHB José Luque 0-0: Ball
1-0: Called Strike
1-1: Ball
2-1: Ball
3-1: Foul Ball, location: 2F
3-2: Base on Balls
Batting: RHB Jade Helm 0-0: Bunted foul
0-1: Reached on error, E5 (Groundball, 56S)
José Luque to third
Batting: RHB Kevin Johnson 0-0: Ball
1-0: Fly out, F4 (Line Drive, 34)
Lined into DP, 4-6 (Line Drive, 34)
Batting: RHB Jeremy Boyter 0-0: Foul Ball, location: 2F
0-1: Called Strike
0-2: Strikes out looking
Top of the 5th over - 0 run(s), 0 hit(s), 1 error(s), 1 left on base; Louisiana 1 - Grim 4
BOTTOM OF THE 5TH
Grim Reapers batting - Pitching for Louisiana Dragoons : RHP António Andrade
Batting: RHB Mason Congdon 0-0: Ball
1-0: Swinging Strike
1-1: Ground out 6-3 (Groundball, 6)
Batting: SHB Javier Vázquez 0-0: Ball
1-0: Ball
2-0: Ball
3-0: Base on Balls
Batting: RHB Tomás Costello 0-0: Foul Ball, location: 2F
0-1: Ball
1-1: Ground out 3-1 (Groundball, 3D)
Javier Vázquez to second
Batting: SHB Marcos Roa 0-0: Called Strike
0-1: Foul Ball, location: 2F
0-2: Strikes out swinging
Bottom of the 5th over - 0 run(s), 0 hit(s), 0 error(s), 1 left on base; Louisiana 1 - Grim 4
TOP OF THE 6TH
Louisiana Dragoons batting - Pitching for Grim Reapers : RHP Quinton Richards
Batting: LHB Guillermo Arellano 0-0: Foul Ball, location: 2F
0-1: Ball
1-1: Swinging Strike
1-2: Fly out, F9 (Flyball, 9D)
Batting: RHB Scott Robertson 0-0: Called Strike
0-1: Ball
1-1: Ball
2-1: Ball
3-1: Foul Ball, location: 2F
3-2: Foul Ball, location: 2F
3-2: Foul Ball, location: 2F
3-2: Strikes out swinging
Batting: SHB Eduardo Pampin 0-0: Called Strike
0-1: Ball
1-1: Swinging Strike
1-2: Foul Ball, location: 2F
1-2: Foul Ball, location: 2F
1-2: Strikes out swinging
Top of the 6th over - 0 run(s), 0 hit(s), 0 error(s), 0 left on base; Louisiana 1 - Grim 4
BOTTOM OF THE 6TH
Grim Reapers batting - Pitching for Louisiana Dragoons : RHP António Andrade
Batting: RHB Dave Sienna 0-0: Foul Ball, location: 2F
0-1: Ball
1-1: Swinging Strike
1-2: Strikes out swinging
Batting: LHB Dante Aristizabal 0-0: Ball
1-0: Ball
2-0: Called Strike
2-1: Foul Ball, location: 2F
2-2: SINGLE (Line Drive, 8RS)
Batting: RHB Raúl Moreno 0-0: Ball
1-0: Ball
2-0: Ball
3-0: Called Strike
3-1: Foul Ball, location: 2F
3-2: Strikes out swinging
Batting: LHB Steve Costillo 0-0: Ball
1-0: Swinging Strike
1-1: DOUBLE (Flyball, 89XD)
Dante Aristizabal to third
Runner from 3rd tries for Home, SAFE, no throw
Batting: RHB Tomás Duarte 0-0: SINGLE (Flyball, 78S)
Steve Costillo to third
Runner from 3rd tries for Home, SAFE, no throw
Pitching: RHP Ángel Gómez
Batting: RHB Mason Congdon 0-0: Called Strike
Tomás Duarte is caught stealing 2nd base
Bottom of the 6th over - 2 run(s), 3 hit(s), 0 error(s), 0 left on base; Louisiana 1 - Grim 6
TOP OF THE 7TH
Louisiana Dragoons batting - Pitching for Grim Reapers : RHP Quinton Richards
Batting: RHB Giuseppe Provolone 0-0: Ball
1-0: Called Strike
1-1: Foul Ball, location: 2F
1-2: Foul Ball, location: 2F
1-2: Fly out, F8 (Flyball, 8RM)
Batting: RHB Harry Gibson 0-0: Ball
1-0: Ball
2-0: Swinging Strike
2-1: Ground out 6-3 (Groundball, 6)
Batting: RHB José Luque 0-0: Ball
1-0: Foul Ball, location: 2F
1-1: Foul Ball, location: 2F
1-2: Strikes out swinging
Top of the 7th over - 0 run(s), 0 hit(s), 0 error(s), 0 left on base; Louisiana 1 - Grim 6
BOTTOM OF THE 7TH
Grim Reapers batting - Pitching for Louisiana Dragoons : RHP Ángel Gómez
Batting: RHB Mason Congdon 0-0: Reached on error, E6 (Line Drive, 6)
Batting: SHB Javier Vázquez 0-0: Fly out, F7 (Flyball, 7)
Batting: RHB Tomás Costello 0-0: Foul Ball, location: 2F
0-1: Ball
1-1: Ball
2-1: Fly out, F9 (Flyball, 9LSF)
Batting: SHB Marcos Roa 0-0: Ball
1-0: Ball
2-0: Ball
3-0: Base on Balls
Mason Congdon to second
Batting: RHB Dave Sienna 0-0: Called Strike
0-1: Fielders Choice at 2nd, 6-4 (Groundball, 6)
Bottom of the 7th over - 0 run(s), 0 hit(s), 1 error(s), 1 left on base; Louisiana 1 - Grim 6
TOP OF THE 8TH
Louisiana Dragoons batting - Pitching for Grim Reapers : RHP Quinton Richards
Batting: RHB Jade Helm 0-0: Called Strike
0-1: Swinging Strike
0-2: Ground out 5-3 (Groundball, 56)
Batting: RHB Kevin Johnson 0-0: Called Strike
0-1: SINGLE (Groundball, 6MD)
Batting: RHB Jeremy Boyter 0-0: Ball
1-0: Ball
2-0: Called Strike
2-1: Called Strike
2-2: Foul Ball, location: 2F
2-2: Ball
3-2: Foul Ball, location: 2F
3-2: SINGLE (Flyball, 9LS)
Kevin Johnson to second
Runner from 2nd tries for 3rd, SAFE, no throw
Pitching: LHP Ricardo Ruíz
Batting: LHB Guillermo Arellano 0-0: Ball
1-0: Fly out, F7 (Flyball, 78S)
Runner from 3rd tags up, SCORES, throw made
Batting: RHB Scott Robertson 0-0: Ball
1-0: Ball
2-0: Foul Ball, location: 2F
2-1: Foul Ball, location: 2F
2-2: Foul Ball, location: 2F
2-2: Strikes out swinging
Top of the 8th over - 1 run(s), 2 hit(s), 0 error(s), 1 left on base; Louisiana 2 - Grim 6
BOTTOM OF THE 8TH
Grim Reapers batting - Pitching for Louisiana Dragoons : RHP Ángel Gómez
Batting: LHB Dante Aristizabal 0-0: Called Strike
0-1: Foul Ball, location: 2F
0-2: Ball
1-2: Ball
2-2: Strikes out looking
Batting: RHB Raúl Moreno 0-0: Ball
1-0: Ball
2-0: Called Strike
2-1: Foul Ball, location: 2F
2-2: Fly out, F9 (Flyball, 9LSF)
Batting: LHB Steve Costillo 0-0: Called Strike
0-1: Swinging Strike
0-2: SINGLE (Groundball, 56D)
Batting: RHB Tomás Duarte 0-0: Called Strike
0-1: SINGLE (Groundball, 34D)
Steve Costillo to second
Runner from 2nd tries for 3rd, SAFE, throw made to third
Tomás Duarte to second
Batting: RHB Mason Congdon 0-0: Ball
1-0: Foul Ball, location: 2F
1-1: Called Strike
1-2: Ball
2-2: Fly out, F7 (Flyball, 7S)
Bottom of the 8th over - 0 run(s), 2 hit(s), 0 error(s), 2 left on base; Louisiana 2 - Grim 6
TOP OF THE 9TH
Louisiana Dragoons batting - Pitching for Grim Reapers : LHP Ricardo Ruíz
Batting: SHB Eduardo Pampin 0-0: Ball
1-0: Foul Ball, location: 2F
1-1: Foul Ball, location: 2F
1-2: Ball
2-2: Ball
3-2: Base on Balls
Batting: RHB Giuseppe Provolone 0-0: Ball
1-0: Foul Ball, location: 2F
1-1: Swinging Strike
1-2: Strikes out swinging
Batting: RHB Harry Gibson 0-0: Fielders Choice at 2nd, 4-6 (Groundball, 4)
Batting: RHB José Luque 0-0: Ball
1-0: Foul Ball, location: 2F
1-1: Ball
2-1: Foul Ball, location: 2F
2-2: Foul Ball, location: 2F
2-2: Strikes out looking
Top of the 9th over - 0 run(s), 0 hit(s), 0 error(s), 1 left on base; Louisiana 2 - Grim 6
Monday, March 20th, 2017 - OOTP Baseball 17.12 Build 75